 Dungeon Crawl Stone Soup version 0.31-a0-1-g4198be8af4 (webtiles) character file.

Game seed: 12224544471221172375

570793 Lobster4 the Bludgeoner (level 26, -18/196 HPs)
             Began as a Gnoll Wanderer on Apr 30, 2023.
             Was the Champion of Fedhas.
             Killed from afar by a purple draconian shifter (37 damage)
             ... with a bolt of dispelling energy
             ... led by a purple draconian shifter
             ... on level 2 of the Realm of Zot on May 1, 2023.
             The game lasted 07:44:02 (80923 turns).

Lobster4 the Bludgeoner (Gnoll Wanderer)           Turns: 80923, Time: 07:44:02

Health: -18/196    AC: 16    Str: 18    XL:     26   Next: 96%
Magic:  27/50      EV: 23    Int: 19    God:    Fedhas [******]
Gold:   4225       SH: 24    Dex: 17    Spells: 1/62 levels left

rFire   + + +        t - +8 trishula "Condemnation" {holy, anguish, *Noise Fly rN+}
rCold   + + .        M - +5 kite shield {reflect}
rNeg    + + +        k - +2 robe "Yhaeddall" {rElec Will+ Regen+ Str-2}
rPois   +            D - +0 helmet of Instinct {rN+++ rCorr Dex+3 Stlth-}
rElec   +            v - scarf {rC+ rF+}
rCorr   +            N - +2 pair of gloves
SInv    .            Z - +1 pair of boots of Tempters {Contam rF+ rC+ Stlth+}
Will    ++...        h - amulet of Vitality {RegenMP++ Regen++}
Stlth   +++++++      x - ring of Vetom {rF+ rC+ Str+6 Slay-4}
HPRegen 0.00/turn    n - ring "Memuol" {rPois MP+9}
MPRegen 1.12/turn

%: reflection
@: flying, inhibited regen, studying 3 skills, unable to read, unable to drink
A: fangs 1, strong nose, distributed training, talons 1, iridescent scales 1,
large bone plates 1, frail 1, low MP 1, inhibited regeneration, evolution 1,
cold vulnerability 1, inability to drink after injury 2, inability to read after
injury 1
}: 3/15 runes: serpentine, barnacled, slimy
a: Renounce Religion, Wall of Briars, Grow Ballistomycete, Overgrow, Grow Oklob


You were on level 2 of the Realm of Zot.
You worshipped Fedhas.
Fedhas was exalted by your worship.
You visited 12 branches of the dungeon, and saw 52 of its levels.
You also visited: Trove, Bailey, Volcano and Desolation.

You collected 9630 gold pieces.
You spent 5405 gold pieces at shops.

Inventory:

Hand Weapons
 b - the +7 quick blade of Plague {venom, rPois rF+ Str+3}
   (You acquired it on level 11 of the Dungeon)

   Str:       It affects your strength (+3).
   rF:        It protects you from fire.
   rPois:     It protects you from poison.
 t - the +8 trishula "Condemnation" (weapon) {holy, anguish, *Noise Fly rN+}
   (You found it in the Desolation of Salt)

   rN:        It protects you from negative energy.
   Fly:       It grants you flight.
   *Noise:    It may make noises in combat.
 G - the +10 long sword of Destruction {heavy, rPois rC+ rN+ SInv}
   (You took it off an orc on level 15 of the Dungeon)

   rC:        It protects you from cold.
   rPois:     It protects you from poison.
   rN:        It protects you from negative energy.
   SInv:      It lets you see invisible.
Armour
 k - the +2 robe "Yhaeddall" (worn) {rElec Will+ Regen+ Str-2}
   (You bought it in a shop on level 3 of the Snake Pit)

   Str:       It affects your strength (-2).
   rElec:     It insulates you from electricity.
   Regen:     It increases your rate of health regeneration.
   Will:      It increases your willpower.
 v - a scarf of resistance (worn)
 D - the +0 helmet of Instinct (worn) {rN+++ rCorr Dex+3 Stlth-}
   (You acquired it on level 1 of the Vaults)

   Dex:       It affects your dexterity (+3).
   rN:        It renders you almost immune to negative energy.
   rCorr:     It protects you from acid and corrosion.
   Stlth:     It makes you less stealthy.
 M - a +5 kite shield of reflection (worn)
 N - a +2 pair of gloves (worn)
 Z - the +1 pair of boots of Tempters (worn) {Contam rF+ rC+ Stlth+}
   (You bought it in a shop on level 10 of the Dungeon)

   rF:        It protects you from fire.
   rC:        It protects you from cold.
   Contam:    It causes magical contamination when unequipped.
   Stlth:     It makes you more stealthy.
Magical Staves
 a - the staff of poison "Ceamiqya" {rElec rPois}
   (You acquired it on level 7 of the Dungeon)

   [staff of poison]

   Base accuracy: +5 Base damage: 5 Base attack delay: 1.2 This weapon's minimum
   attack delay (0.6) is reached at skill level 12.
   rElec:     It insulates you from electricity.
   rPois:     It protects you from poison.
   It falls into the 'Staves' category.
   It is a one-handed weapon.
Jewellery
 h - the amulet of Vitality (around neck) {RegenMP++ Regen++}
   (You bought it in a shop on level 9 of the Dungeon)

   [amulet of magic regeneration]

   It increases your rate of magic regeneration.
   Regen:     It increases your rate of health regeneration.
 n - the ring "Memuol" (right hand) {rPois MP+9}
   (You bought it in a shop on level 2 of the Orcish Mines)

   [ring of poison resistance]

   rPois:     It protects you from poison.
   MP:        It affects your magic capacity (+9).
 u - the ring of Happiness {Will+ AC+4 Int+2}
   (You found it in the Desolation of Salt)

   [ring of protection]

   AC:        It affects your AC (+4).
   Int:       It affects your intelligence (+2).
   Will:      It increases your willpower.
 x - the ring of Vetom (left hand) {rF+ rC+ Str+6 Slay-4}
   (You bought it in a shop on level 12 of the Dungeon)

   [ring of strength]

   Str:       It affects your strength (+6).
   Slay:      It affects your accuracy & damage with ranged weapons and melee
   (-4).
   rF:        It protects you from fire.
   rC:        It protects you from cold.
 y - a ring of see invisible
 Y - the ring of the Noxious Grape {Fly rPois Will- Str+4 Stlth+}
   (You found it on level 4 of the Snake Pit)

   [ring of poison resistance]

   Str:       It affects your strength (+4).
   rPois:     It protects you from poison.
   Fly:       It grants you flight.
   Will:      It decreases your willpower.
   Stlth:     It makes you more stealthy.
Wands
 c - a wand of iceblast (51)
 s - a wand of quicksilver (14)
 C - a wand of paralysis (27) (quivered)
 Q - a wand of digging (3)
 S - a wand of mindburst (20)
Scrolls
 e - 8 scrolls of poison
 f - a scroll of blinking
 g - 4 scrolls of silence
 i - 2 scrolls of immolation
 l - 17 scrolls of teleportation
 m - a scroll of summoning
 p - 3 scrolls of amnesia
 r - 3 scrolls of fear
 E - 4 scrolls of magic mapping
 V - 11 scrolls of fog
Potions
 d - 15 potions of curing
 j - 2 potions of magic
 o - 3 potions of invisibility
 q - 8 potions of mutation
 w - 5 potions of brilliance
 z - 10 potions of lignification
 A - 11 potions of ambrosia
 F - 2 potions of berserk rage
 K - 6 potions of haste
 O - 7 potions of heal wounds
 P - 2 potions of resistance
 T - a potion of might
Miscellaneous
 J - a box of beasts
 U - a condenser vane
 X - a lightning rod (4/4)


   Skills:
 + Level 20.1 Fighting
 + Level 18.6 Short Blades
 + Level 18.7 Long Blades
 + Level 18.6 Axes
 + Level 20.5 Maces & Flails
 + Level 18.6 Polearms
 + Level 18.6 Staves
 + Level 18.6 Ranged Weapons
 + Level 19.0 Throwing
 + Level 18.7 Armour
 + Level 18.6 Dodging
 + Level 18.6 Stealth
 + Level 18.6 Shields
 + Level 18.6 Unarmed Combat
 + Level 18.6 Spellcasting
 + Level 15.8 Conjurations
 + Level 15.8 Hexes
 + Level 15.8 Summonings
 + Level 15.8 Necromancy
 + Level 15.8 Translocations
 + Level 19.2 Transmutations
 + Level 17.5 Fire Magic
 + Level 15.8 Ice Magic
 + Level 15.8 Air Magic
 + Level 15.8 Earth Magic
 + Level 15.8 Poison Magic
 + Level 20.1 Invocations
 + Level 19.0 Evocations


You had one spell level left.
You knew the following spells:

 Your Spells              Type           Power      Damage    Failure   Level
a - Magic Dart            Conj           100%       1d8       0%          1
b - Stone Arrow           Conj/Erth      100%       3d13      1%          3
c - Iron Shot             Conj/Erth      33%        9d7       1%          6
d - Borgnjor's Vile Clut  Necr/Erth      33%        N/A       1%          5
f - Iskenderun's Mystic   Conj/Tloc      67%        2d14      1%          4
g - Manifold Assault      Tloc           67%        N/A       1%          4
h - Plasma Beam           Fire/Air       34%        2x1d52    1%          6
i - Dispersal             Tloc           33%        N/A       1%          6
j - Freezing Cloud        Conj/Ice/Air   33%        6-21      1%          5
k - Blink                 Tloc           100%       N/A       0%          2
l - Lee's Rapid Deconstr  Erth           33%        3d17*     1%          5
m - Starburst             Conj/Fire      34%        6d10      1%          6
p - Olgreb's Toxic Radia  Pois           67%        N/A       1%          4
s - Summon Lightning Spi  Summ/Air       67%        N/A       1%          4

Your spell library contained the following spells:

 Spells                   Type           Power      Damage    Failure   Level
 Beastly Appendage        Tmut           100%       N/A       0%          1
 Foxfire                  Conj/Fire      100%       2x1d9     0%          1
 Freeze                   Ice            100%       1d10      0%          1
 Kiss of Death            Conj/Necr      100%       2d13      0%          1
 Necrotise                Necr           100%       1d9       0%          1
 Sandblast                Erth           100%       2d20      0%          1
 Sting                    Tmut/Pois      100%       1d8       0%          1
 Summon Small Mammal      Summ           100%       N/A       0%          1
 Call Imp                 Summ           100%       N/A       0%          2
 Cigotuvi's Dreadful Rot  Necr/Pois/Air  100%       N/A       0%          2
 Lesser Beckoning         Tloc           100%       N/A       0%          2
 Momentum Strike          Conj/Tloc      100%       3d10      0%          2
 Passwall                 Tmut/Erth      59%        N/A       0%          2
 Poisonous Vapours        Pois/Air       100%       N/A       0%          2
 Searing Ray              Conj           100%       2d8       0%          2
 Sublimation of Blood     Necr           67%        N/A       0%          2
 Wereblood                Tmut           74%        N/A       0%          2
 Ignite Poison            Fire/Tmut/Pois 71%        N/A       0%          3
 Spider Form              Tmut/Pois      71%        N/A       0%          3
 Volatile Blastmotes      Fire/Tloc      100%       2d18      0%          3
 Call Canine Familiar     Summ           67%        N/A       1%          3
 Confusing Touch          Hex            67%        N/A       1%          3
 Frozen Ramparts          Ice            100%       1d16      1%          3
 Gell's Gravitas          Tloc           67%        N/A       1%          3
 Hailstorm                Conj/Ice       67%        3d14      1%          3
 Mephitic Cloud           Conj/Pois/Air  67%        N/A       1%          3
 Ozocubu's Armour         Ice            67%        N/A       1%          3
 Portal Projectile        Hex/Tloc       100%       N/A       1%          3
 Summon Guardian Golem    Hex/Summ       67%        N/A       1%          3
 Teleport Other           Tloc           67%        N/A       1%          3
 Vampiric Draining        Necr           67%        2d10      1%          3
 Vhi's Electric Charge    Tloc/Air       100%       N/A       1%          3
 Anguish                  Hex/Necr       33%        N/A       1%          4
 Animate Armour           Summ/Erth      100%       N/A       1%          4
 Animate Dead             Necr           67%        N/A       1%          4
 Cause Fear               Hex            33%        N/A       1%          4
 Dispel Undead            Necr           67%        3d23      1%          4
 Fulminant Prism          Conj/Hex       33%        3d16      1%          4
 Ice Form                 Ice/Tmut       71%        N/A       1%          4
 Leda's Liquefaction      Hex/Erth       33%        N/A       1%          4
 Passage of Golubria      Tloc           67%        N/A       1%          4
 Petrify                  Tmut/Erth      71%        N/A       1%          4
 Summon Ice Beast         Ice/Summ       67%        N/A       1%          4
 Agony                    Necr           67%        N/A       1%          5
 Alistair's Intoxication  Tmut/Pois      47%        N/A       1%          5
 Arcjolt                  Conj/Air       33%        1d43      1%          5
 Blade Hands              Tmut           37%        N/A       1%          5
 Fireball                 Conj/Fire      34%        3d14      1%          5
 Irradiate                Conj/Tmut      35%        3d23      1%          5
 Iskenderun's Battlesphe  Conj           67%        2d12      1%          5
 Metabolic Englaciation   Hex/Ice        33%        N/A       1%          5
 Silence                  Hex/Air        33%        N/A       1%          5
 Summon Mana Viper        Hex/Summ       67%        N/A       1%          5
 Simulacrum               Ice/Necr       33%        N/A       1%          6
 Statue Form              Tmut/Erth      47%        N/A       1%          6
 Dragon Form              Tmut           37%        N/A       1%          7
 Storm Form               Tmut/Air       35%        N/A       2%          7
 Haunt                    Necr/Summ      33%        N/A       5%          7
 Malign Gateway           Summ/Tloc      33%        N/A       5%          7
 Orb of Destruction       Conj           33%        9d10      5%          7
 Ozocubu's Refrigeration  Ice            33%        4d14      5%          7
 Spellforged Servitor     Conj/Summ      33%        N/A       5%          7
 Summon Hydra             Summ           33%        N/A       5%          7
 Necromutation            Tmut/Necr      35%        N/A       22%         8
 Borgnjor's Revivificati  Necr           33%        N/A       38%         8
 Disjunction              Tloc           33%        N/A       38%         8
 Infestation              Necr           33%        N/A       38%         8
 Lehudib's Crystal Spear  Conj/Erth      33%        10d9      38%         8
 Maxwell's Capacitive Co  Air            33%        ∞         38%         8
 Summon Horrible Things   Summ           33%        N/A       38%         8
 Death's Door             Necr           33%        N/A       100%        9
 Dragon's Call            Summ           33%        N/A       100%        9


Dungeon Overview and Level Annotations

Branches:
Dungeon (15/15)            Temple (1/1) D:5            Lair (5/5) D:8
 Shoals (4/4) Lair:3        Snake (4/4) Lair:2        Slime (5/5) Lair:5
    Orc (2/2) D:10            Elf (3/3) Orc:2        Vaults (4/5) D:13
  Crypt (3/3) Vaults:2       Tomb (0/3) Crypt:3      Depths (4/4) D:15
    Zot (2/5) Depths:4     Bailey (visited)         Volcano (visited)
Desolation (visited)

Altars:
Ashenzari
Cheibriados
Dithmenos
Elyvilon
Fedhas
Gozag
Hepliaklqana
Kikubaaqudgha
Makhleb
Nemelex Xobeh
Okawaru
Qazlal
Ru
Sif Muna
Trog
Uskayaw
Vehumet
Wu Jian
Xom
Yredelemnul
Zin
The Shining One
Jiyva

Shops:
D:4 ?   D:9 ?==*=   D:10 [(   D:12 =   Orc:1 ?   Orc:2 **=:   Elf:1 ![
Elf:2 (   Shoals:3 =   Snake:1 ::=   Snake:2 *[:=   Snake:3 [*   Snake:4 (
Vaults:2 ?   Vaults:3 *   Vaults:4 *   Depths:1 *   Depths:3 (   Depths:4 *

Portals:
Hell: Depths:1 Depths:2 Depths:3 Depths:4
Abyss: Depths:1 Depths:3
Pandemonium: Depths:1 Depths:2 Depths:3
Ziggurat: Depths:2

Annotations:
D:15 2 transporters, Huipt's ghost, journeyman DEFE
Shoals:4 diodin's ghost, adept MiFi
Snake:1 Rupert
Crypt:2 3 runed translucent doors, Hegoitz's ghost, veteran MiGl


Innate Abilities, Weirdness & Mutations

You have very sharp teeth.
Your uncanny sense of smell can sniff out nearby items.
Your experience applies equally to all skills.
You have sharp toenails.
You are partially covered in iridescent scales. (AC +2)
You are partially covered in large bone plates. (SH +4)
You are frail. (-10% HP)
Your magical capacity is low. (-10% MP)
You do not regenerate when monsters are visible.
You have hidden genetic potential.
You are vulnerable to cold. (rC-)
You sometimes lose the ability to drink potions when taking damage.
You occasionally lose the ability to read scrolls when taking damage.


Message History

Casting: Plasma Beam (mildly dangerous; 1% risk of failure)
Press: ? - help, Dir - look around, f - activate The bolt of lightning misses the purple draconian shifter.
The fiery plasma hits the purple draconian shifter!
The purple draconian shifter is lightly wounded.
You hear a deafening roar!
The purple draconian shifter gestures at you while chanting.
You easily resist.
Casting: Plasma Beam (mildly dangerous; 1% risk of failure)
Confirm with . or Enter, or press ? or * to list all spells.
Aiming: Borgnjor's Vile Clutch (mildly dangerous; 1% risk of failure)
Press: ? - help, Shift-Dir - straight line, f - purple draconian shifter
Aim: a purple draconian shifter, wielding a +0 dagger and wearing a +0 cloak (lightly wounded, 100% to hit)
Zombie hands grab the purple draconian shifter.
You can drink potions again.
The zombie hands constrict the purple draconian shifter.
The purple draconian shifter breathes dispelling energy at you.
The bolt of dispelling energy hits you!!
You feel threatened and lose the ability to read scrolls!
You feel threatened and lose the ability to drink potions!
* * * LOW HITPOINT WARNING * * *
You cannot drink potions in your current state!
You cannot read scrolls in your current state!
The zombie hands constrict the purple draconian shifter.
The purple draconian shifter gestures at you while chanting.
You blink.
The zombie hands lose their grip on something.
A briar patch grows up from the ground. x2
You can read scrolls again.
You fly carefully through the plants.
You see here +0 shadow dragon scales.
You see here a +0 flail.
You see here a +3 spear.
The purple draconian shifter breathes dispelling energy at you.
The bolt of dispelling energy hits your briar patch!
The bolt of dispelling energy hits your briar patch!!!
The bolt of dispelling energy hits you!!!
You feel threatened and lose the ability to read scrolls!
You die...
Fedhas appreciates your contribution to the ecosystem.

.....##
#.................##
.........
####...............##
.........
##........#......#
....###########
##.....####......
..###........)##
##...>## ##.....
.##..#########.##
##....## ##....
##.###.))....##.##
#.....## ##...
#.##).#######.##.#
##.....## ##..
.##)### ##.#@##
#......## ##. ##)##
#.##)# #......^## ##
#.##. ##.#)#
#........#### #.#.#
#.#[# #............
#.#.#. #.#P#
#............ #.#.#.'
'.#.# #............
#.#.# #. .#D#P#
#.#####...... #.#.#
#.. y.###q# #.#
##....... #.#.# ..
*.###)##
#.###........


You could see a purple draconian shifter (catching breath, ally target).

Vanquished Creatures
  the Royal Jelly (Slime:5)
  An orb of fire (Zot:2)
  3 juggernauts (Depths:3)
  Bai Suzhen (Snake:3)
  Parghit (Depths:3)
  Xtahua (Vaults:4)
  3 caustic shrikes
  A curse toe (Zot:2)
  7 golden dragons
  Jory (Crypt:3)
  3 electric golems (Zot:1)
  Jorgrun (Orc:2)
  The ghost of Qeunemit the Warrior, an adept GrFi of Okawaru (Vaults:1)
  12 tentacled monstrosities
  Asterion (Snake:1)
  A walking earthen tome (Depths:2)
  3 titans
  3 liches
  3 walking frostbound tomes
  2 deep elf master archers (Elf:3)
  2 deep elf blademasters (Elf:3)
  5 quicksilver dragons
  13 acid blobs
  Polyphemus (Shoals:4)
  A sphinx (Depths:2)
  5 death cobs
  A kraken (Shoals:4)
  An ancient champion (Depths:3)
  4 shadow dragons
  2 tengu reavers
  Donald (Vaults:3)
  Agnes (Elf:1)
  9 storm dragons
  3 draconian monks
  10 rockslimes
  13 azure jellies
  3 draconian knights
  4 nagarajas
  5 deep elf sorcerers
  Ilsuiw (Shoals:4)
  9 draconian scorchers
  17 vault wardens
  12 fire giants
  2 imperial myrmidons (Desolation)
  8 frost giants
  Aizul (Snake:1)
  An orc warlord (Vaults:2)
  2 balrugs (Depths:2)
  2 iron dragons (Depths:2)
  A caustic shrike zombie (Crypt:3)
  5 deep elf elementalists (Elf:3)
  3 war gargoyles
  The ghost of Sobieck the Cryomancer, an adept DECj of Sif Muna (Snake:4)
  A ghoul (Crypt:1)
  13 ironbound preservers
  2 draconian shifters (Zot:2)
  4 draconian stormcallers
  2 curse skulls (Crypt:2)
  A quicksilver ooze (shapeshifter) (Depths:2)
  4 draconian annihilators
  2 reapers
  5 ironbound thunderhulks
  13 quicksilver oozes
  8 stone giants
  16 very ugly things
  10 vampire knights
  2 spriggan defenders
  Nessos (D:15)
  3 deep elf demonologists (Elf:3)
  9 green draconians
  2 halazid warlocks (Desolation)
  5 deep elf annihilators (Elf:3)
  4 purple draconians
  4 red draconians (Zot:2)
  7 yellow draconians
  8 black draconians
  7 dire elephants
  A spark wasp (Depths:3)
  2 white draconians
  Snorg (D:10)
  8 merfolk javelineers
  5 ettins
  14 jiangshi
  8 deep elf death magi
  4 eidola
  10 merfolk impalers
  6 fire dragons
  10 great orbs of eyes
  3 blizzard demons
  2 crystal guardians
  A deep elf high priest (Elf:3)
  8 ragged hierophants (Desolation)
  Fannar (D:11)
  14 yaktaur captains
  4 spriggan air magi
  10 ice dragons
  5 salamander tyrants
  4 rakshasas
  6 hydras
  2 alligator snapping turtles (Snake:1)
  7 servants of whispers (Desolation)
  8 vault guards
  3 catoblepae
  10 peacekeepers
  2 satyrs
  4 ironbound frosthearts
  3 ogre magi
  13 anacondas
  4 merfolk aquamancers
  7 tengu warriors
  Erica (Lair:2)
  2 death knights
  4 boulder beetles
  35 dancing weapons
  12 centaur warriors
  A merfolk avatar (Shoals:3)
  13 two-headed ogres
  An azure jelly zombie (Crypt:1)
  An alligator (Snake:1)
  8 deep troll shamans
  9 death yaks
  2 orc high priests
  13 naga warriors
  11 shock serpents
  7 deep troll earth magi
  15 naga sharpshooters
  3 spriggan berserkers
  3 sun demons
  14 vampire magi
  A titan zombie (Crypt:3)
  Sonja (Lair:5)
  4 soul eaters
  22 deep elf knights
  4 storm dragon zombies
  An emperor scorpion zombie (Crypt:3)
  5 salamander mystics
  A storm dragon skeleton (Crypt:2)
  A goliath frog (Snake:1)
  6 iron trolls
  2 shadow wraiths
  A titan skeleton (Crypt:1)
  An anaconda zombie (Crypt:3)
  11 sea snakes
  14 skeletal warriors
  2 sixfirhies
  8 skysharks
  A golden dragon zombie (Crypt:3)
  A bunyip zombie (Crypt:3)
  2 flayed ghosts
  8 glowing orange brains
  A swamp dragon (Lair:5)
  47 deep trolls
  7 lindwurms
  An obsidian statue (Depths:2)
  An orange crystal statue (Elf:2)
  5 naga ritualists
  6 deep elf archers
  3 necromancers
  2 kraken simulacra (Shoals:4)
  3 orc knights
  12 phantasmal warriors
  13 wizards
  A harpy (shapeshifter) (Depths:2)
  15 harpies
  9 mana vipers
  20 ironbound convokers
  2 fauns (Shoals:3)
  33 deep elf pyromancers
  5 cyclopes
  25 deep elf zephyrmancers
  9 shining eyes
  A fire giant zombie (Vaults:1)
  6 orc sorcerers
  3 human zombies
  12 moths of wrath
  A stone giant skeleton (Vaults:3)
  35 ugly things
  A wolf spider (shapeshifter) (Vaults:4)
  22 manticores
  8 merfolk sirens
  A spectral shock serpent (Snake:4)
  22 salamanders
  5 guardian serpents
  12 vault sentinels
  15 elephants
  37 black mambas
  8 torpor snails
  2 molten gargoyles (Desolation)
  2 rust devils
  2 dire elephant zombies (Crypt:3)
  6 eyes of devastation
  8 naga magi
  4 orange demons
  A water nymph (shapeshifter) (Depths:3)
  6 water nymphs
  3 gargoyles
  A smoke demon (Depths:2)
  4 cane toads
  5 rime drakes
  Maggie (Lair:2)
  50 yaktaurs
  A hellion (Depths:2)
  An anaconda simulacrum (Snake:4)
  A dire elephant skeleton (Crypt:3)
  2 efreet
  4 freezing wraiths
  10 komodo dragons
  2 tengu conjurers
  A redback zombie (Crypt:1)
  A tormentor (Depths:3)
  A yaktaur skeleton (Vaults:3)
  A black draconian skeleton (Crypt:3)
  17 merfolk
  6 trolls
  4 tyrant leeches (Lair:5)
  4 hellwings
  4 polar bears
  A wind drake (Shoals:4)
  44 saltlings (Desolation)
  9 hornets
  A human skeleton (Vaults:1)
  3 blink frogs (Lair:3)
  Grinder (D:3)
  A harpy skeleton (Crypt:2)
  15 snapping turtles
  An ettin zombie (Crypt:3)
  A fire giant simulacrum (Vaults:1)
  A dream sheep (shapeshifter) (Depths:3)
  5 dream sheep (Lair:3)
  121 slime creatures
  A spectral black mamba (Snake:4)
  A human simulacrum (Vaults:1)
  A centaur simulacrum (D:15)
  23 vampires
  13 water elementals
  5 flying skulls (Crypt:2)
  A spriggan (shapeshifter) (Elf:1)
  Sigmund (D:3)
  2 air elementals
  A spriggan (Lair:4)
  7 wraiths
  2 wyverns
  4 fire bats (Depths:1)
  2 chaos spawn (D:15)
  A fire elemental (Volcano)
  3 ynoxinuls
  Grum (D:11)
  5 basilisks
  A wind drake skeleton (Crypt:1)
  27 yaks
  A steam dragon (Lair:5)
  An elf simulacrum (Vaults:1)
  4 neqoxecs
  41 nagas
  6 vampire mosquitoes
  A mana viper simulacrum (Snake:4)
  3 wargs
  6 acid dragons
  21 water moccasins
  A floating eye (Depths:2)
  31 orc warriors
  6 ice beasts
  A snapping turtle zombie (Crypt:3)
  2 swamp drakes (Lair:5)
  2 black mamba simulacra (Snake:4)
  A cane toad skeleton (Crypt:1)
  10 boggarts
  7 ogres
  21 wolves
  12 bullfrogs
  3 kobold brigands
  4 gnoll sergeants
  5 scorpions
  Blork the orc (D:5)
  3 earth elementals
  A komodo dragon skeleton (Crypt:1)
  A water moccasin zombie (Crypt:2)
  7 wights
  2 spectral nagas (Snake:4)
  A spriggan zombie (Crypt:3)
  9 killer bees
  A spriggan skeleton (Crypt:1)
  An electric eel (Snake:1)
  4 howler monkeys
  20 orc priests
  A wolf skeleton (Crypt:1)
  5 jellies
  A gnoll bouda (D:4)
  3 hounds
  Jessica (D:3)
  5 iguanas
  30 orc wizards
  5 hell rats (Lair:5)
  3 naga simulacra (Snake:4)
  A boggart skeleton (Crypt:1)
  An ogre skeleton (Crypt:2)
  An acid dragon skeleton (Crypt:3)
  Robin (D:2)
  22 gnolls
  15 adders
  A shadow imp (D:5)
  A white imp (D:5)
  An ufetubus (D:6)
  6 worms
  A dart slug (D:3)
  68 orcs
  5 ball pythons
  3 endoplasms
  4 giant cockroaches
  A giant cockroach (shapeshifter) (Depths:3)
  15 goblins
  7 hobgoblins
  4 quokkas
  7 bats
  8 frilled lizards
  A gnoll skeleton (Crypt:2)
  A hobgoblin skeleton (Crypt:1)
  19 kobolds
  An orc skeleton (Crypt:1)
  3 rats
  2 tentacles (Shoals:4)
2139 creatures vanquished.

Vanquished Creatures (collateral kills)
  5 acid blobs (Slime:5)
  2 rockslimes (Slime:5)
  2 fire giants (Depths:2)
  3 azure jellies
  A deep elf elementalist (Elf:3)
  A spriggan defender (Depths:2)
  4 quicksilver oozes (Slime:5)
  A vampire knight (Depths:2)
  A very ugly thing (Vaults:4)
  An ettin (Depths:3)
  A jiangshi (Depths:4)
  An ice dragon (Depths:1)
  A deep troll shaman (Depths:1)
  2 tengu warriors (Depths:2)
  2 deep elf knights (Elf:2)
  3 deep trolls
  2 deep elf pyromancers (Elf:3)
  2 ugly things (Depths:2)
  3 deep elf zephyrmancers (Elf:3)
  A cyclops (shapeshifter) (Elf:3)
  12 slime creatures
  2 ice beasts (D:8)
  A kobold brigand (D:7)
  A bullfrog (D:8)
  A wight (D:7)
  2 orc priests (D:8)
  A gnoll (D:6)
  5 orcs
  4 kobolds (D:7)
68 creatures vanquished.

Vanquished Creatures (others)
  Dissolution (Slime:1)
  2 ancient champions (Crypt:3)
  A quicksilver dragon (Zot:1)
  A death cob (Zot:1)
  A storm dragon (Depths:3)
  2 vault wardens
  An ironbound preserver (Vaults:1)
  A curse skull (Crypt:2)
  3 vampire knights
  A very ugly thing (Vaults:2)
  A yellow draconian (Zot:1)
  2 dire elephants
  An eidolon (Crypt:2)
  2 jiangshi (Crypt:2)
  A vault guard (Vaults:4)
  A dancing weapon (Elf:2)
  A spriggan berserker (Depths:3)
  2 skeletal warriors
  A sea snake (Shoals:2)
  2 deep trolls
  2 deep elf zephyrmancers
  4 phantasmal warriors
  A komodo dragon (Lair:5)
  A spectral black mamba (Snake:4)
  A vampire (Crypt:3)
  An orc priest (Orc:2)
  An iguana (Lair:5)
  8 demonic plants (D:15)
  20 fungi
  100 plants
  6 tentacles (Shoals:4)
  16 withered plants (Crypt:3)
189 creatures vanquished.

Grand Total: 2396 creatures vanquished

Notes
Turn   | Place    | Note
-------+----------+-------------------------------------------
     0 | D:1      | Lobster4 the Gnoll Wanderer began the quest for the Orb.
     0 | D:1      | Lobster4 set off with the following items: a +3 dagger, 3
                  | curare-tipped darts, a +0 falchion, a potion of curing, a
                  | +0 leather armour.
     0 | D:1      | Reached XP level 1. HP: 26/26 MP: 1/1
   315 | D:1      | Reached XP level 2. HP: 27/33 MP: 2/2
  1065 | D:2      | Reached XP level 3. HP: 38/38 MP: 2/4
  1148 | D:2      | Reached skill level 1 in Invocations
  1418 | D:2      | Reached skill level 1 in Short Blades
  1418 | D:2      | Reached skill level 1 in Axes
  1418 | D:2      | Reached skill level 1 in Maces & Flails
  1418 | D:2      | Reached skill level 1 in Polearms
  1418 | D:2      | Reached skill level 1 in Staves
  1418 | D:2      | Reached skill level 1 in Ranged Weapons
  1418 | D:2      | Reached skill level 1 in Dodging
  1418 | D:2      | Reached skill level 1 in Stealth
  1418 | D:2      | Reached skill level 1 in Shields
  1418 | D:2      | Reached skill level 1 in Unarmed Combat
  1418 | D:2      | Reached skill level 1 in Spellcasting
  1592 | D:2      | Reached XP level 4. HP: 41/45 MP: 5/5
  1649 | D:2      | Found a hazy altar of Hepliaklqana.
  1671 | D:2      | Noticed Robin
  1797 | D:2      | Found a faded altar of an unknown god.
  2286 | D:3      | Reached skill level 1 in Conjurations
  2286 | D:3      | Reached skill level 1 in Hexes
  2286 | D:3      | Reached skill level 1 in Summonings
  2286 | D:3      | Reached skill level 1 in Necromancy
  2286 | D:3      | Reached skill level 1 in Translocations
  2286 | D:3      | Reached skill level 1 in Transmutations
  2286 | D:3      | Reached skill level 1 in Fire Magic
  2286 | D:3      | Reached skill level 1 in Ice Magic
  2286 | D:3      | Reached skill level 1 in Air Magic
  2286 | D:3      | Reached skill level 1 in Earth Magic
  2286 | D:3      | Reached skill level 1 in Poison Magic
  2300 | D:3      | Learned a level 1 spell: Magic Dart
  2352 | D:3      | Noticed Grinder
  2504 | D:3      | Noticed Sigmund
  2544 | D:2      | Killed Robin
  2746 | D:3      | Found an iron altar of Okawaru.
  2785 | D:3      | Noticed Jessica
  2792 | D:3      | Killed Jessica
  2793 | D:3      | Reached XP level 5. HP: 45/51 MP: 0/7
  3293 | D:3      | Killed Sigmund
  3294 | D:3      | Reached skill level 5 in Throwing
  3294 | D:3      | Reached skill level 5 in Evocations
  3294 | D:3      | Reached XP level 6. HP: 57/57 MP: 4/9
  3475 | D:3      | Paralysed by Grinder for 5 turns
  3492 | D:3      | Killed Grinder
  3493 | D:3      | Reached XP level 7. HP: 21/63 MP: 4/10
  3812 | D:4      | Found Jyturer's Magic Scroll Emporium.
  3817 | D:4      | Bought a scroll of magic mapping for 97 gold pieces
  3817 | D:4      | Bought a scroll of teleportation for 39 gold pieces
  3817 | D:4      | Bought a scroll of poison for 52 gold pieces
  3817 | D:4      | Bought a scroll of immolation for 52 gold pieces
  3849 | D:4      | Found a broken altar of Ashenzari.
  3849 | D:4      | Found a snail-covered altar of Cheibriados.
  3951 | D:4      | Learned a level 2 spell: Blink
  3954 | D:4      | Learned a level 2 spell: Poisonous Vapours
  4760 | D:5      | Entered Level 5 of the Dungeon
  5282 | D:5      | Reached XP level 8. HP: 71/71 MP: 12/12
  6788 | D:5      | Found a glowing golden altar of the Shining One.
  6788 | D:5      | Found a white marble altar of Elyvilon.
  6795 | D:5      | Found a stormy altar of Qazlal.
  6940 | D:5      | Found a staircase to the Ecumenical Temple.
  6950 | Temple   | Entered the Ecumenical Temple
  6964 | Temple   | Became a worshipper of Fedhas Madash
  7046 | D:6      | Noticed Blork the orc
  7790 | D:6      | Reached XP level 9. HP: 57/77 MP: 9/14
  8016 | D:5      | Upgraded the game from 0.30-a0-1164-ge08a67761e to
                  | 0.31-a0-1-g4198be8af4
  8053 | D:5      | Reached * piety under Fedhas
  8166 | D:5      | Killed Blork the orc
  8579 | D:6      | Reached skill level 5 in Long Blades
  8579 | D:6      | Reached skill level 5 in Armour
  8901 | D:7      | Found a shadowy altar of Dithmenos.
  9336 | D:6      | Learned a level 2 spell: Searing Ray
  9674 | D:7      | Identified a scroll of acquirement
  9674 | D:7      | Acquired the staff of poison "Ceamiqya" {rElec rPois}
  9724 | D:7      | Identified the amulet "Moumos" {RegenMP rPois rF- Dex+3}
  9751 | D:7      | Reached skill level 5 in Invocations
  9906 | D:7      | Reached ** piety under Fedhas
 10696 | D:8      | Noticed a polar bear
 10914 | D:8      | Noticed a polar bear
 10916 | D:8      | Noticed a rime drake
 10943 | D:8      | Killed a polar bear
 10944 | D:8      | Reached skill level 10 in Fighting
 10944 | D:8      | Reached skill level 5 in Short Blades
 10944 | D:8      | Reached skill level 5 in Axes
 10944 | D:8      | Reached skill level 5 in Maces & Flails
 10944 | D:8      | Reached skill level 5 in Polearms
 10944 | D:8      | Reached skill level 5 in Staves
 10944 | D:8      | Reached skill level 5 in Ranged Weapons
 10944 | D:8      | Reached skill level 5 in Dodging
 10944 | D:8      | Reached skill level 5 in Stealth
 10944 | D:8      | Reached skill level 5 in Shields
 10944 | D:8      | Reached skill level 5 in Unarmed Combat
 10944 | D:8      | Reached skill level 5 in Spellcasting
 10944 | D:8      | Reached XP level 10. HP: 85/85 MP: 2/17
 11143 | D:8      | Found a flagged portal.
 11148 | Bailey   | Entered a bailey
 11333 | Bailey   | Learned a level 3 spell: Mephitic Cloud
 11418 | Bailey   | Noticed an orc knight
 11438 | Bailey   | Killed an orc knight
 11551 | Bailey   | Found a large runed translucent door.
 11551 | Bailey   | Found a large runed translucent door.
 11552 | Bailey   | Noticed a deep elf pyromancer
 11629 | Bailey   | Killed a deep elf pyromancer
 12281 | D:8      | Found a staircase to the Lair.
 12461 | D:8      | Noticed a two-headed ogre
 12476 | D:8      | Killed a two-headed ogre
 12477 | D:8      | Reached skill level 5 in Conjurations
 12477 | D:8      | Reached skill level 5 in Hexes
 12477 | D:8      | Reached skill level 5 in Summonings
 12477 | D:8      | Reached skill level 5 in Necromancy
 12477 | D:8      | Reached skill level 5 in Translocations
 12477 | D:8      | Reached skill level 5 in Transmutations
 12477 | D:8      | Reached skill level 5 in Fire Magic
 12477 | D:8      | Reached skill level 5 in Ice Magic
 12477 | D:8      | Reached skill level 5 in Air Magic
 12477 | D:8      | Reached skill level 5 in Earth Magic
 12477 | D:8      | Reached skill level 5 in Poison Magic
 12477 | D:8      | Reached XP level 11. HP: 92/92 MP: 6/20
 12649 | D:9      | Reached *** piety under Fedhas
 13858 | D:9      | Found Bilynaso's Jewellery Emporium.
 13863 | D:9      | Found Qufurgho's Assorted Antiques.
 13871 | D:9      | Bought an ancient hand axe for 216 gold pieces
 13871 | D:9      | Identified the +6 hand axe "Ijovva" {flame, rElec} (You
                  | bought it in a shop on level 9 of the Dungeon)
 14181 | D:9      | Found Xeosanlel's Jewellery Shop.
 14260 | D:9      | Found Qiprupno's Jewellery Shoppe.
 14314 | D:9      | Found Oli Ecve's Magic Scroll Boutique.
 14324 | D:9      | Bought a scroll of blinking for 75 gold pieces
 14772 | D:10     | Entered Level 10 of the Dungeon
 14832 | D:10     | Found Haojumink's Weapon Emporium.
 14832 | D:10     | Found a staircase to the Orcish Mines.
 14847 | D:10     | Reached **** piety under Fedhas
 14912 | D:10     | Found Geusy's Armour Emporium.
 14992 | D:10     | Noticed a two-headed ogre
 15006 | D:10     | Killed a two-headed ogre
 15251 | D:10     | Noticed a two-headed ogre
 15270 | D:10     | Killed a two-headed ogre
 15664 | Orc:1    | Entered Level 1 of the Orcish Mines
 15665 | Orc:1    | Found Wympoyzeu's Magic Scroll Emporium.
 15970 | D:10     | Bought the +1 pair of boots of Tempters {Contam rF+ rC+
                  | Stlth+} for 332 gold pieces
 15987 | Orc:2    | Entered Level 2 of the Orcish Mines
 15998 | Orc:2    | Noticed Jorgrun
 16164 | D:11     | Noticed a two-headed ogre
 16246 | D:11     | Noticed Snorg
 16341 | D:10     | Killed Snorg
 16505 | D:11     | Noticed Grum
 16525 | D:11     | Reached XP level 12. HP: 93/100 MP: 16/22
 16530 | D:11     | Killed Grum
 16727 | D:11     | Noticed Fannar
 16821 | D:11     | Acquired the +7 quick blade of Plague {venom, rPois rF+
                  | Str+3}
 16884 | D:11     | Killed a two-headed ogre
 16884 | D:11     | Reached ***** piety under Fedhas
 17235 | D:11     | Killed Fannar
 17441 | D:11     | Found an iron altar of Okawaru.
 17623 | D:12     | Noticed a centaur warrior
 17635 | D:12     | Killed a centaur warrior
 17846 | D:12     | Learned a level 3 spell: Stone Arrow
 18003 | D:12     | Found a shimmering altar of Xom.
 18013 | D:12     | Found a shimmering altar of Xom.
 18014 | D:12     | Found a shimmering altar of Xom.
 18157 | D:12     | Noticed a two-headed ogre
 18172 | D:12     | Killed a two-headed ogre
 19246 | D:12     | Found Foacaf's Jewellery Shoppe.
 19559 | D:13     | Noticed a vault guard
 19765 | D:13     | Noticed a vault guard
 19826 | D:13     | Killed a vault guard
 19845 | D:13     | Noticed a catoblepas
 19845 | D:13     | Noticed a vault guard
 19870 | D:13     | Killed a catoblepas
 20173 | D:13     | Reached XP level 13. HP: 96/107 MP: 25/25
 20735 | D:13     | Killed a vault guard
 20821 | D:13     | Killed a vault guard
 20884 | D:13     | Found a gate to the Vaults.
 20884 | D:13     | Noticed a vault guard
 20884 | D:13     | Noticed a vault guard
 21081 | D:13     | Killed a vault guard
 21130 | D:13     | Killed a vault guard
 21410 | Lair:1   | Entered Level 1 of the Lair of Beasts
 21855 | Orc:2    | Killed Jorgrun
 22162 | Orc:2    | Found a staircase to the Elven Halls.
 22491 | Orc:2    | Reached skill level 10 in Throwing
 22491 | Orc:2    | Reached skill level 10 in Evocations
 22918 | Orc:2    | Found a radiant altar of Vehumet.
 23244 | Orc:1    | Reached ****** piety under Fedhas
 23493 | Orc:2    | Found Nemeleuq's General Store.
 23494 | Orc:2    | Found Jayq's Book Emporium.
 23495 | Orc:2    | Found Osof's Jewellery Emporium.
 23499 | Orc:2    | Found Eluoq's General Store.
 23522 | Orc:2    | Paralysed by an orc sorcerer for 2 turns
 24386 | Lair:1   | Reached skill level 10 in Invocations
 24386 | Lair:1   | Reached XP level 14. HP: 103/116 MP: 21/27
 24791 | Lair:2   | Noticed Maggie
 24800 | Lair:2   | Noticed Erica
 25065 | Lair:2   | Killed Maggie
 25085 | Lair:2   | Found a dark tunnel.
 25097 | Volcano  | Entered a volcano
 25323 | Volcano  | Noticed a stone giant
 25334 | Volcano  | Killed a stone giant
 25564 | Lair:2   | Noticed a dire elephant
 25596 | Lair:2   | Killed a dire elephant
 25796 | Lair:2   | Noticed a dire elephant
 25906 | Lair:2   | Killed a dire elephant
 25907 | Lair:2   | Reached skill level 10 in Long Blades
 25907 | Lair:2   | Reached skill level 10 in Armour
 26221 | Lair:2   | Identified the amulet "Lisuosul" {Faith Rampage *Slow Dex+2
                  | Slay+2}
 26369 | Lair:2   | Found a staircase to the Snake Pit.
 26775 | Lair:2   | Killed Erica
 27672 | Lair:3   | Found a staircase to the Shoals.
 28268 | Lair:3   | Found the +8 whip "Snakebite" {venom, curare, rPois}
 28739 | Lair:4   | Reached skill level 10 in Short Blades
 28739 | Lair:4   | Reached skill level 10 in Axes
 28739 | Lair:4   | Reached skill level 10 in Maces & Flails
 28739 | Lair:4   | Reached skill level 10 in Polearms
 28739 | Lair:4   | Reached skill level 10 in Staves
 28739 | Lair:4   | Reached skill level 10 in Ranged Weapons
 28739 | Lair:4   | Reached skill level 10 in Dodging
 28739 | Lair:4   | Reached skill level 10 in Stealth
 28739 | Lair:4   | Reached skill level 10 in Shields
 28739 | Lair:4   | Reached skill level 10 in Unarmed Combat
 28739 | Lair:4   | Reached skill level 10 in Spellcasting
 29580 | Lair:5   | Entered Level 5 of the Lair of Beasts
 29711 | Lair:5   | Reached XP level 15. HP: 114/123 MP: 24/29
 29748 | Lair:5   | Found a viscous altar of Jiyva.
 29749 | Lair:5   | Found a staircase to the Slime Pits.
 30316 | Lair:5   | Noticed Sonja
 30334 | Lair:5   | Killed Sonja
 30484 | Lair:5   | Found a runed translucent door.
 32235 | D:14     | Learned a level 4 spell: Iskenderun's Mystic Blast
 32849 | D:15     | Entered Level 15 of the Dungeon
 33000 | D:15     | Identified the +10 long sword of Destruction {heavy, rPois
                  | rC+ rN+ SInv}
 33182 | D:15     | Noticed Nessos
 33184 | D:15     | Killed Nessos
 33349 | D:15     | Found a blossoming altar of Fedhas.
 33378 | D:15     | Found a transporter.
 33382 | D:15     | Noticed Huipt's ghost (journeyman DEFE)
 33649 | D:15     | Found a transporter.
 33706 | D:15     | Reached XP level 16. HP: 108/131 MP: 30/30
 34257 | D:15     | Found a staircase to the Depths.
 34676 | D:9      | Bought the amulet of Vitality {RegenMP++ Regen++} for 1700
                  | gold pieces
 34676 | D:9      | Found the amulet of Vitality {RegenMP++ Regen++}
 34769 | Snake:1  | Entered Level 1 of the Snake Pit
 34769 | Snake:1  | Noticed Asterion
 34777 | Snake:1  | Killed Asterion
 34799 | Snake:1  | Found a white marble altar of Elyvilon.
 34863 | Snake:1  | Found Seahed's Jewellery Shoppe.
 34863 | Snake:1  | Found Kohut's Book Boutique.
 34872 | Snake:1  | Found Agaryl's Book Boutique.
 34907 | Snake:1  | Noticed Rupert
 34984 | Snake:1  | Noticed Aizul
 35009 | Snake:1  | Killed Aizul
 36635 | Snake:2  | Noticed a nagaraja
 36649 | Snake:2  | Killed a nagaraja
 36686 | Snake:2  | Found Evay's Book Emporium.
 36709 | Snake:2  | Reached XP level 17. HP: 120/139 MP: 7/32
 36873 | Snake:2  | Found Woug's Jewellery Emporium.
 36877 | Snake:2  | Found Yfurut's Armour Shoppe.
 36895 | Snake:2  | Found Seipt's General Store.
 36965 | Snake:2  | Reached skill level 10 in Conjurations
 36965 | Snake:2  | Reached skill level 10 in Hexes
 36965 | Snake:2  | Reached skill level 10 in Summonings
 36965 | Snake:2  | Reached skill level 10 in Necromancy
 36965 | Snake:2  | Reached skill level 10 in Translocations
 36965 | Snake:2  | Reached skill level 10 in Transmutations
 36965 | Snake:2  | Reached skill level 10 in Fire Magic
 36965 | Snake:2  | Reached skill level 10 in Ice Magic
 36965 | Snake:2  | Reached skill level 10 in Air Magic
 36965 | Snake:2  | Reached skill level 10 in Earth Magic
 36965 | Snake:2  | Reached skill level 10 in Poison Magic
 37232 | Snake:2  | Bought a +2 helmet of intelligence for 322 gold pieces
 37427 | Snake:3  | Noticed Bai Suzhen
 37678 | Snake:3  | Found Zutegiel's Armour Shop.
 37682 | Snake:3  | Found Yshaaps's General Store.
 37790 | Snake:3  | Killed Bai Suzhen
 38868 | Snake:4  | Entered Level 4 of the Snake Pit
 39060 | Snake:4  | Found Vepsoth's Weapon Emporium.
 39643 | Snake:4  | Found a runed translucent gate.
 39643 | Snake:4  | Found a runed translucent gate.
 39644 | Snake:4  | Found a runed translucent gate.
 39649 | Snake:4  | Noticed Sobieck's ghost (adept DECj)
 40177 | Snake:4  | Reached XP level 18. HP: 148/148 MP: 34/34
 40221 | Snake:4  | Noticed a quicksilver dragon
 40221 | Snake:4  | Noticed a quicksilver dragon
 40271 | Snake:4  | Killed Sobieck's ghost
 40316 | Snake:4  | Identified the ring of the Noxious Grape {Fly rPois Will-
                  | Str+4 Stlth+}
 40546 | Snake:4  | Got a serpentine rune of Zot
 40561 | Snake:4  | Killed a quicksilver dragon
 40575 | Snake:4  | Killed a quicksilver dragon
 40687 | Snake:3  | Bought the +2 robe "Yhaeddall" {rElec Will+ Regen+ Str-2}
                  | for 443 gold pieces
 40854 | Shoals:1 | Entered Level 1 of the Shoals
 40881 | Shoals:1 | Learned a level 4 spell: Manifold Assault
 40886 | Shoals:1 | Learned a level 4 spell: Olgreb's Toxic Radiance
 40952 | Shoals:1 | Reached skill level 15 in Fighting
 41831 | Shoals:2 | Identified the staff of fire "Ohua" {Drain rF+ Str+3 Int+5}
 42938 | Shoals:3 | Found Lulaun's Jewellery Emporium.
 43654 | Shoals:4 | Entered Level 4 of the Shoals
 43860 | Shoals:4 | Got a barnacled rune of Zot
 43969 | Shoals:4 | Noticed Polyphemus
 44192 | Shoals:4 | Killed Polyphemus
 44292 | Shoals:4 | Found a runed translucent door.
 44604 | Shoals:4 | Noticed Ilsuiw
 44616 | Shoals:4 | Killed Ilsuiw
 44617 | Shoals:4 | Reached XP level 19. HP: 91/155 MP: 17/36
 45052 | Shoals:4 | Noticed diodin's ghost (adept MiFi)
 45175 | Shoals:4 | Identified the staff of poison "Suiliur" {rElec rPois rC+
                  | Will- Str+2}
 45727 | Vaults:1 | Entered Level 1 of the Vaults
 45885 | Vaults:1 | Found a runed translucent door.
 45885 | Vaults:1 | Noticed Qeunemit's ghost (adept GrFi)
 47048 | Vaults:1 | Killed Qeunemit's ghost
 47078 | Vaults:1 | Acquired 1005 gold pieces
 47080 | Vaults:1 | Acquired the +0 helmet of Instinct {rN+++ rCorr Dex+3
                  | Stlth-}
 47193 | Vaults:2 | Reached skill level 15 in Invocations
 47305 | Vaults:2 | Found a crumbling gateway.
 47326 | Vaults:2 | Learned a level 5 spell: Lee's Rapid Deconstruction
 47333 | Vaults:2 | Learned a level 6 spell: Dispersal
 47339 | Vaults:2 | Learned a level 5 spell: Freezing Cloud
 47353 | Desolati | Entered the Desolation of Salt
 47574 | Desolati | Reached XP level 20. HP: 162/164 MP: 28/37
 47948 | Desolati | Found the +8 trishula "Condemnation" {holy, anguish, *Noise
                  | Fly rN+}
 47953 | Desolati | Got the Folio of the Supportive Wayfarer
 47961 | Desolati | Identified the amulet "Cowac" {Acrobat Fly Dex+4}
 48046 | Desolati | Got the Handbook of United Forms
 48048 | Desolati | Identified the +7 battleaxe of Modesty {heavy, rC+ rN+
                  | Str+2 Dex+3}
 48442 | Desolati | Identified the +8 fire dragon scales of Lyefryoff {rF++ rC-
                  | rN+ Will+ Dex-2}
 48828 | Desolati | Identified the +1 double sword "Worm's Wrath" {heavy, Str+2
                  | Dex+3}
 48830 | Desolati | Got Sif Muna's Notes on the Vector
 48831 | Desolati | Identified the staff of conjuration "Qicioteg" {rPois rC++
                  | Int-3 Dex+2}
 48845 | Desolati | Identified the ring of Happiness {Will+ AC+4 Int+2}
 48865 | Desolati | Identified the staff of conjuration "Bewk" {rC++ Dex+3}
 49104 | Vaults:2 | Found Eraycodgh's Magic Scroll Shop.
 49112 | Vaults:2 | Bought a scroll of blinking for 97 gold pieces
 49150 | Vaults:2 | Found a staircase to the Crypt.
 49150 | Vaults:2 | Found an ancient bone altar of Kikubaaqudgha.
 49151 | Vaults:2 | Found a basalt altar of Yredelemnul.
 49496 | Vaults:2 | Reached skill level 15 in Throwing
 49496 | Vaults:2 | Reached skill level 15 in Evocations
 50597 | Vaults:3 | Learned a level 4 spell: Summon Lightning Spire
 50817 | Vaults:3 | Reached XP level 21. HP: 172/172 MP: 33/39
 51081 | Vaults:3 | Noticed Donald
 51098 | Vaults:3 | Killed Donald
 51208 | Vaults:3 | Found Jaokargh's General Store.
 51343 | Vaults:3 | Reached skill level 15 in Long Blades
 51343 | Vaults:3 | Reached skill level 15 in Armour
 52486 | Vaults:4 | Reached skill level 15 in Short Blades
 52486 | Vaults:4 | Reached skill level 15 in Axes
 52486 | Vaults:4 | Reached skill level 15 in Maces & Flails
 52486 | Vaults:4 | Reached skill level 15 in Polearms
 52486 | Vaults:4 | Reached skill level 15 in Staves
 52486 | Vaults:4 | Reached skill level 15 in Ranged Weapons
 52486 | Vaults:4 | Reached skill level 15 in Dodging
 52486 | Vaults:4 | Reached skill level 15 in Stealth
 52486 | Vaults:4 | Reached skill level 15 in Shields
 52486 | Vaults:4 | Reached skill level 15 in Unarmed Combat
 52486 | Vaults:4 | Reached skill level 15 in Spellcasting
 52887 | Vaults:4 | Noticed Xtahua
 52959 | Vaults:4 | Found Ovuseojio's General Store.
 53674 | Vaults:4 | Killed Xtahua
 54034 | Crypt:1  | Entered Level 1 of the Crypt
 54186 | Crypt:1  | Reached XP level 22. HP: 163/182 MP: 41/41
 54397 | Crypt:1  | Identified the +1 long sword "Faemn" {antimagic, rElec rC-
                  | Dex+3}
 55181 | Crypt:2  | Found a runed translucent gate.
 55181 | Crypt:2  | Found a runed translucent gate.
 55182 | Crypt:2  | Found a runed translucent gate.
 55182 | Crypt:2  | Noticed Hegoitz's ghost (veteran MiGl)
 55640 | Crypt:3  | Entered Level 3 of the Crypt
 55937 | Crypt:2  | Found an ancient bone altar of Kikubaaqudgha.
 56104 | Crypt:3  | Found a staircase to the Tomb.
 56465 | Crypt:3  | Reached skill level 15 in Transmutations
 56669 | Crypt:3  | Got Sif Muna's Directory of Gloom and the Vector
 56780 | Crypt:3  | Noticed Jory
 56794 | Crypt:3  | Killed Jory
 57201 | Crypt:3  | Got Sif Muna's Precepts of the Infected Familiar
 57251 | Crypt:3  | Identified the +12 scimitar of the Moth {protect, Will+
                  | Dex+6}
 57481 | Crypt:3  | Got Rujoj's Incunabulum of Unholy Liturgies
 57496 | Crypt:3  | Learned a level 5 spell: Borgnjor's Vile Clutch
 57575 | Crypt:3  | Identified the +4 hand axe of Raxzaugg {drain, rF+ Stlth+}
 57896 | Elf:1    | Entered Level 1 of the Elven Halls
 58048 | Elf:1    | Found Ummaemn's Antique Armour Shoppe.
 58056 | Elf:1    | Bought a jasper-encrusted scale mail for 180 gold pieces
 58056 | Elf:1    | Identified the +7 scale mail of the Cockatrice {Rampage
                  | +Blink rC-} (You bought it in a shop on level 1 of the
                  | Elven Halls)
 58332 | Elf:1    | Reached XP level 23. HP: 190/190 MP: 20/42
 58589 | Elf:1    | Found Bogh's Distillery.
 58597 | Elf:1    | Bought a potion of heal wounds for 70 gold pieces
 58697 | Elf:1    | Noticed Agnes
 58706 | Elf:1    | Killed Agnes
 59498 | Elf:2    | Found Vonoc's Antique Weapon Shop.
 59771 | Elf:2    | Found a runed translucent gate.
 59772 | Elf:2    | Found a runed translucent gate.
 59772 | Elf:2    | Found a runed translucent gate.
 59930 | Elf:2    | Identified the +7 war axe "Lifebane" {antimagic, rF+ Int+6}
 60112 | Elf:3    | Entered Level 3 of the Elven Halls
 60785 | Elf:3    | Identified the ring "Tifump" {rN+ MP+9 Int+7 Stlth+}
 60858 | Elf:3    | Identified the +7 quarterstaff of War {heavy, rC+ Stlth+}
 61265 | Elf:3    | Identified the ring of the Cricket {rN+ MP-9 Int+4 Dex+3}
 61302 | Elf:3    | Identified the staff of cold "Pofen" {rPois rC+ Int+3 SInv}
 61342 | Elf:3    | Identified the +6 scimitar "Newia" {speed, rElec rC- MP+9
                  | Stlth+}
 61342 | Elf:3    | Identified the ring of Juroyvve {Drain rElec rN+ Str+3}
 61550 | Elf:3    | Identified the ring "Vamn" {Drain rC+ Str+7 SInv}
 61559 | Elf:3    | Identified the +0 chain mail of Past Mistakes {*Slow MP+9
                  | Str+2 Int+6}
 61587 | Elf:3    | Identified the +0 scale mail of Qerod {rPois Will+ Int+7
                  | Dex-5}
 61692 | Elf:3    | Identified the +0 leather armour "Dahimy" {rN+}
 61692 | Elf:3    | Identified the ring "Vuif" {Wiz +Blink}
 62613 | Depths:1 | Entered Level 1 of the Depths
 62751 | Depths:1 | You fall into a shaft and drop 1 floor!
 63007 | Depths:1 | Found a one-way gate to the infinite horrors of the Abyss.
 63021 | Depths:1 | Found a gateway to Hell.
 63043 | Depths:1 | Reached XP level 24. HP: 145/199 MP: 20/43
 63071 | Depths:1 | Found Zyogydur's CLEARANCE SALE!.
 63079 | Depths:1 | Bought a potion of heal wounds for 15 gold pieces
 63079 | Depths:1 | Bought a scroll of teleportation for 9 gold pieces
 63079 | Depths:1 | Bought a scroll of teleportation for 9 gold pieces
 63420 | Depths:1 | Found a one-way gate leading to the halls of Pandemonium.
 63938 | Depths:2 | Found a one-way gateway to a ziggurat.
 64151 | Depths:2 | Found a bloodstained altar of Trog.
 64204 | Depths:2 | Found a portal to a secret trove of treasure.
 64375 | Depths:2 | Noticed a caustic shrike
 64415 | Depths:2 | Killed a caustic shrike
 64612 | Depths:2 | Noticed a caustic shrike
 64623 | Depths:2 | Killed a caustic shrike
 65826 | Depths:2 | Identified the +10 quarterstaff "Holef" {heavy, Fly}
 65933 | Depths:2 | Reached skill level 15 in Fire Magic
 66123 | Depths:3 | Found Qubraw's Antique Weapon Emporium.
 66966 | Depths:3 | Found a runed translucent door.
 66968 | Depths:3 | Found a runed translucent door.
 66969 | Depths:3 | Found a runed translucent door.
 67187 | Depths:3 | Found a stormy altar of Qazlal.
 67875 | Depths:3 | Noticed a caustic shrike
 67886 | Depths:3 | Reached XP level 25. HP: 197/206 MP: 20/44
 67924 | Depths:3 | Identified the staff of air "Paazxoush" {rElec rF+}
 67932 | Depths:3 | Identified the staff of poison "Ugiololy" {rPois rC+}
 68084 | Depths:4 | Entered Level 4 of the Depths
 68092 | Depths:4 | Noticed a juggernaut
 68285 | Depths:4 | Noticed Parghit
 68323 | Depths:3 | Killed a juggernaut
 68832 | Slime:1  | Entered Level 1 of the Pits of Slime
 68840 | Slime:1  | Gained mutation: You have an increased reservoir of magic.
                  | (+10% MP) [a shining eye]
 69596 | Slime:2  | Noticed Dissolution
 69670 | Slime:1  | Paralysed by a floating eye for 2 turns
 69672 | Slime:1  | Killed Dissolution
 69715 | Slime:2  | Gained mutation: You are dopey. (Int -2) [a shining eye]
 69733 | Slime:2  | Gained mutation: You are frail. (-10% HP) [a shining eye]
 70193 | Slime:3  | Gained mutation: You are very frail. (-20% HP) [a shining
                  | eye]
 70400 | Slime:4  | Gained mutation: You are weak. (Str -2) [a shining eye]
 70402 | Slime:4  | Lost mutation: You have an increased reservoir of magic.
                  | (+10% MP) [a shining eye]
 70429 | Slime:4  | Gained mutation: Your magical capacity is low. (-10% MP) [a
                  | shining eye]
 70715 | Slime:3  | Reached skill level 15 in Conjurations
 70715 | Slime:3  | Reached skill level 15 in Hexes
 70715 | Slime:3  | Reached skill level 15 in Summonings
 70715 | Slime:3  | Reached skill level 15 in Necromancy
 70715 | Slime:3  | Reached skill level 15 in Translocations
 70715 | Slime:3  | Reached skill level 15 in Ice Magic
 70715 | Slime:3  | Reached skill level 15 in Air Magic
 70715 | Slime:3  | Reached skill level 15 in Earth Magic
 70715 | Slime:3  | Reached skill level 15 in Poison Magic
 71156 | Slime:4  | Learned a level 6 spell: Starburst
 71168 | Slime:5  | Entered Level 5 of the Pits of Slime
 71491 | Slime:5  | Noticed the Royal Jelly
 71577 | Slime:5  | Gained mutation: Your magical capacity is very low. (-20%
                  | MP) [a shining eye]
 71605 | Slime:5  | Gained mutation: Armour fits poorly on your strangely
                  | shaped body. [a shining eye]
 71612 | Slime:4  | Lost mutation: Armour fits poorly on your strangely shaped
                  | body. [potion of mutation]
 71612 | Slime:4  | Lost mutation: You are dopey. (Int -2) [potion of mutation]
 71612 | Slime:4  | Gained mutation: You are extremely frail. (-30% HP) [potion
                  | of mutation]
 71613 | Slime:4  | Lost mutation: You are weak. (Str -2) [potion of mutation]
 71613 | Slime:4  | Lost mutation: You are extremely frail. (-30% HP) [potion
                  | of mutation]
 71613 | Slime:4  | Gained mutation: You do not regenerate when monsters are
                  | visible. [potion of mutation]
 71613 | Slime:4  | Gained mutation: You have hidden genetic potential. [potion
                  | of mutation]
 71614 | Slime:4  | Lost mutation: You do not regenerate when monsters are
                  | visible. [potion of mutation]
 71614 | Slime:4  | Lost mutation: You are very frail. (-20% HP) [potion of
                  | mutation]
 71614 | Slime:4  | Gained mutation: You are partially covered in large bone
                  | plates. (SH +4) [potion of mutation]
 71614 | Slime:4  | Gained mutation: You have sharp toenails. [potion of
                  | mutation]
 71614 | Slime:4  | Gained mutation: You are vulnerable to cold. (rC-) [potion
                  | of mutation]
 72190 | Vaults:2 | Bought a scroll of immolation for 52 gold pieces
 72401 | Orc:2    | Bought a scroll of immolation for 56 gold pieces
 72535 | D:4      | Bought a scroll of immolation for 52 gold pieces
 72535 | D:4      | Bought a scroll of blinking for 97 gold pieces
 72809 | Slime:5  | Found a viscous altar of Jiyva.
 72886 | Slime:5  | Found the +8 autumn katana {manifold assault}
 73877 | Slime:5  | Killed the Royal Jelly
 74014 | Slime:5  | Identified the +0 helmet of the Harvest {rPois Str-3
                  | Slay+3}
 74022 | Slime:5  | Got the Tome of the Evolving Wind
 74023 | Slime:5  | Identified the +3 leather armour "Udghaep" {-Tele rC+ Int+3
                  | Dex+4}
 74042 | Slime:5  | Got a slimy rune of Zot
 74079 | Slime:5  | Identified the -1 helmet of Parsimonious Lucidity {Drain
                  | rPois Regen+ Dex+2}
 74687 | Depths:2 | You showed the slimy rune of Zot to enter a treasure trove
 74688 | Trove    | Entered a treasure trove
 74695 | Trove    | Identified the +3 bardiche "Neammaju" {heavy, *Noise rElec
                  | rF- rCorr}
 74714 | Trove    | Identified the amulet "Dyossoil" {Acrobat rF+ rC- Dex+4
                  | Stlth+}
 74716 | Trove    | Identified the +2 hat "Digipp" {Harm *Slow Stlth+}
 75008 | D:9      | Bought a scroll of blinking for 75 gold pieces
 75282 | Depths:4 | Noticed a juggernaut
 75360 | Depths:4 | Noticed a juggernaut
 75426 | Depths:3 | Killed a juggernaut
 75668 | Depths:3 | Killed Parghit
 76031 | Depths:4 | Found Big Baal Hell's Store.
 76054 | Depths:3 | Killed a juggernaut
 76055 | Depths:3 | Reached XP level 26. HP: 148/194 MP: 35/35
 76080 | Depths:4 | Identified the +2 scale mail of Agnosticism {Regen+ rCorr}
 76548 | Orc:2    | Bought the ring "Memuol" {rPois MP+9} for 642 gold pieces
 77014 | Depths:4 | Found a gate to the Realm of Zot.
 77257 | Zot:1    | Entered Level 1 of the Realm of Zot
 78711 | Zot:2    | Gained mutation: You are partially covered in iridescent
                  | scales. (AC +2) [hidden potential]
 79185 | Zot:2    | Noticed an orb of fire
 79706 | Lair:5   | Learned a level 6 spell: Iron Shot
 79715 | Lair:5   | Learned a level 6 spell: Plasma Beam
 79966 | D:12     | Bought the ring of Vetom {rF+ rC+ Str+6 Slay-4} for 723
                  | gold pieces
 80838 | Zot:2    | Gained mutation: You occasionally lose the ability to read
                  | scrolls when taking damage. [an orb of fire]
 80840 | Zot:2    | Lost mutation: Your magical capacity is very low. (-20% MP)
                  | [an orb of fire]
 80845 | Zot:2    | Gained mutation: You do not regenerate when monsters are
                  | visible. [an orb of fire]
 80846 | Zot:2    | Gained mutation: You occasionally lose the ability to drink
                  | potions when taking damage. [an orb of fire]
 80846 | Zot:2    | Gained mutation: You sometimes lose the ability to drink
                  | potions when taking damage. [an orb of fire]
 80848 | Zot:2    | Killed an orb of fire
 80916 | Zot:2    | HP: 6/196 [purple draconian shifter/bolt of dispelling
                  | energy[a purple draconian shifter] (32)]
 80923 | Zot:2    | Killed from afar by a purple draconian shifter

Illustrated notes

Levels and vault maps discovered:
D:1:      dpeg_arrival_water_fire, layout_basic
D:2:      layout_loops_corners, basic_altar,
          shapermc_ecumenical_altar_mp_vishouse, uniq_robin
D:3:      layout_loops_ring, mainiacjoe_overflow_24_doors, nicolae_wormholes,
          uniq_grinder, uniq_sigmund, uniq_jessica
D:4:      layout_basic, gammafunk_temple_overflow_wave, serial_shops,
          nicolae_shop_crystal, minmay_lizard_king
D:5:      layout_basic, grunt_temple_overflow_open, temple_hall,
          roderic_roman_lattice
D:6:      layout_cave_pools, uniq_blork_the_orc
D:7:      layout_basic, grunt_dithmenos_smoke_and_mirrors
D:8:      layout_gridville, hellmonk_lair_entry_icy, serial_co_window_serial,
          co_window_corner_a, co_window_of_opportunity_a, co_window_paths_b,
          co_window_of_opportunity_a, co_window_of_opportunity_a,
          co_window_paths_b, co_window_corner_a, co_window_unsneaky_path_b,
          co_window_of_opportunity_b, co_window_broadway_a, co_window_paths_c,
          co_window_of_opportunity_c, co_window_paths_d, glass_columns_a,
          glass_columns_c, glass_columns_a, enter_bailey_2,
          dreamdust_princess_corridor, hangedman_decor_riveting
D:9:      layout_cave_pools, serial_shops, shop, nicolae_lakefront_shop,
          nicolae_shop_tiny_statue_garden, shop, shop
D:10:     layout_irregular_city, orc_david_3, hangedman_decor_push
D:11:     layout_big_octagon, kennysheep_okawaru_gauntlet, uniq_snorg,
          uniq_fannar, uniq_grum
D:12:     layout_stronghold, serial_shops, nicolae_shop_back_alley_shop,
          xom_redecorated
D:13:     layout_loops_ring, grunt_vaults_entry_fortified
D:14:     layout_basic, kennysheep_pointless_box
D:15:     hangedman_depths_entry_civil_slaughter, layout_small_grid,
          gammafunk_ghost_berserking_beasts, serial_demonic, serial_demonic_a,
          serial_demonic_a, serial_demonic_g, serial_demonic_e,
          minmay_misc_feat_ornament, fedhas_altar_3, uniq_nessos
Temple:   hellmonk_temple_two_chambers
Lair:1:   layout_chaotic_city, small_statue_intersection,
          chequers_serial_rivers_small_3, lemuel_fruit_tree
Lair:2:   layout_loops_ring, minmay_snake_entry_guardpost_large,
          nicolae_volcano_entry_lava_flow, nicolae_lair_lakeside_cave,
          uniq_maggie, uniq_erica
Lair:3:   minmay_guarded_unrand_snakebite, layout_regular_city,
          shoals_dummy_entry
Lair:4:   layout_layer_cave, st_stairs_13, grunt_forest_large_clearing_hut
Lair:5:   guppyfry_lair_end_dragon, layout_big_grid, wormcave, slime_entry_1,
          st_stairs_7, grunt_forest_small_clearings, uniq_sonja
Shoals:1: layout_shoals
Shoals:2: layout_shoals
Shoals:3: layout_shoals, serial_shops, shop
Shoals:4: shoals_end_grunt_ice, layout_shoals, shoals_ilsuiw_ice,
          ebering_ghost_reflecting_pool, abandoned_shop, uniq_polyphemus
Snake:1:  layout_honeycomb, basic_altar, nicolae_snake_herptile_family_reunion,
          grunt_megastairs_5, minmay_shop_grove, uniq_asterion, uniq_rupert,
          uniq_aizul
Snake:2:  hangedman_cross_stitches, layout_rooms, minmay_shoptagon
Snake:3:  layout_basic, nicolae_triple_integral, grunt_megastairs_1,
          minmay_shop_star, serial_bayou_shore_b, uniq_bai_suzhen
Snake:4:  hellmonk_snake_rune_quicksilver_temple, layout_gridlike, serial_shops,
          nicolae_shop_bloodbath_and_beyond, gammafunk_ghost_necromancy
Slime:1:  layout_caves
Slime:2:  layout_caves, uniq_dissolution
Slime:3:  layout_caves, cheibrodos_slime_lost_civilization_6
Slime:4:  layout_caves
Slime:5
Orc:1:    nicolae_orc_accident_2, layout_diamond_mine, serial_shops, shop
Orc:2:    st_orc_mages, layout_caves, basic_altar, uniq_jorgrun
Elf:1:    eino_elf_arrival_sip, layout_geoelf_octagon, serial_shops, shop, shop,
          hangedman_corner_corridor, hangedman_elf_disciples,
          grunt_megastairs_3, uniq_agnes
Elf:2:    nicolae_elf_blades_crystal_corner, layout_loops_corners, serial_shops,
          shop_statue, minivault_16
Elf:3:    grunt_elf_hall_branching, layout_gridlike
Vaults:1: hellmonk_ghost_happy_afterlife, vaults_mumra_lcd, v_misc_16,
          v_misc_18, v_misc_23, nicolae_vaults_cochlea, v_pattern_1,
          grunt_vaults_diagonal, vaults_room_boxed, v_misc_27, v_misc_15,
          nicolae_vaults_security_offices_1, ontoclasm_vaults_twist,
          vaults_room_fours, nicolae_vaults_apartment_1, layout_vaults_maze
Vaults:2: portal_desolation_entry_twin_temple, v_misc_28,
          nicolae_vaults_closet_pinwheel_2, nicolae_vaults_mitosis,
          nicolae_vaults_six-pack, vaults_dpeg_emergency_exit,
          nicolae_vaults_mini_display_case, vaults_room_fancy_cross,
          nicolae_vaults_doubleplus_tesselated, nicolae_vaults_tetromino_L_2,
          vaults_dpeg_ring, vaults_dpeg_spiral, minmay_crypt_entry_necro_gods,
          layout_vaults_big_room, serial_shops, nicolae_shop_crystal
Vaults:3: hangedman_vaults_hat, grunt_vaults_funnel,
          nicolae_vaults_variable_pillar_hall, ontoclasm_vaults_spin,
          nicolae_vaults_tangram_2, ontoclasm_vaults_loading_screen,
          nicolae_vaults_disjoint_gnomons, nicolae_vaults_big_ls,
          vaults_standard_mumra_enter_the_diamond,
          nicolae_vaults_trapezoid_lopsided_3, nicolae_vaults_tetromino_L_1,
          nicolae_vaults_angled_halls, nicolae_vaults_double_plus_1,
          nicolae_vaults_trapezoid_lopsided_1, layout_vaults_ring, serial_shops,
          shop, uniq_donald
Vaults:4: nicolae_vaults_sightless_eye, nicolae_vaults_storage_closets_2,
          ontoclasm_vaults_claustrophobia, nicolae_vaults_lightning_bolt,
          vaults_dpeg_encased_lava, v_rooms_5, vaults_room_semicircle,
          dpeg_vaults_hating_casters, vaults_room_mumra_shop_pool,
          vaults_room_stairs_pillars, v_pattern_4, nicolae_vaults_asterisk,
          layout_vaults_omnigrid, uniq_margery, uniq_xtahua
Crypt:1:  layout_basic, grunt_ministairs_9, grunt_crypt_arrival_webbed
Crypt:2:  layout_rooms, gammafunk_ghost_spectres, st_stairs_2,
          amcnicky_mini_pool_small, lemuel_upstairs_altar
Crypt:3:  due_elkab, layout_chaotic_city, tomb_entry_forgotten_bobbens,
          grunt_ministairs_11, hex_medium
Depths:1: layout_gridville, serial_sigils_hangedman_scratch, abyss_entry,
          hangedman_coc_ice_floe, grunt_pan_entry_zigzag, nicolae_two_hexagons,
          nicolae_shop_clearance, serial_bayou_shore_b, serial_bayou_shore_b,
          infiniplex_staircase_pool_lava
Depths:2: minmay_tearing_corner, layout_basic, enter_ziggurat_c,
          grunt_hell_entry_demonic_statue, nicolae_trove_entry_free_sample,
          pan_entry, lemuel_crystal_altar, infiniplex_staircase_pool_2,
          uniq_grunn
Depths:3: minmay_the_grid_triangle_9x9_recursive_3
          [minmay_the_grid_triangle_9x9_semitri,
          minmay_the_grid_triangle_9x9_skeleton,
          minmay_the_grid_triangle_9x9_steps,
          minmay_the_grid_triangle_9x9_prize_insulated,
          minmay_the_grid_triangle_9x9_wacky_v,
          minmay_the_grid_triangle_9x9_odd_lines,
          minmay_the_grid_triangle_9x9_fully_insulated_deathbox,
          minmay_the_grid_triangle_9x9_sprig,
          minmay_the_grid_triangle_9x9_corruption], layout_small_grid,
          abyss_entry, nicolae_concentric_dashed_squares_mild,
          rand_demon_pan_entry_4, serial_shops, shop, hell_entry,
          nicolae_qazlal_eye_of_the_storm
Depths:4: evilmike_zot_entry_basic, layout_cave_pools,
          minmay_misc_feat_enclosed, nicolae_hell_entry_big_baal_hell,
          drop_trap, hangedman_abyss_or_decor_slice, uniq_parghit
Zot:1:    layout_misc_corridors, st_stairs_6
Zot:2:    grunt_deathspiral_small, layout_onion

Skill      XL: |  1  2  3  4  5  6  7  8  9 10 11 12 13 14 15 16 17 18 19 20 21 22 23 24 25 26 |
---------------+-------------------------------------------------------------------------------+-----
Invocations    | 1 2 3 4 5 6 7 8 10 11 12 13 14 15 16 17 18 19 20 | 20.1
Short Blades   | 1 2 3 5 6 7 8 9 10 11 12 13 14 15 16 17 18 | 18.6
Axes           | 1 2 3 5 6 7 8 9 10 11 12 13 14 15 16 17 18 | 18.6
Maces & Flails | 1 2 3 5 6 7 8 9 10 11 12 13 14 15 16 18 19 20 | 20.5
Polearms       | 1 2 3 5 6 7 8 9 10 11 12 13 14 15 16 17 18 | 18.6
Staves         | 1 2 3 5 6 7 8 9 10 11 12 13 14 15 16 17 18 | 18.6
Ranged Weapons | 1 2 3 5 6 7 8 9 10 11 12 13 14 15 16 17 18 | 18.6
Dodging        | 1 2 3 5 6 7 8 9 10 11 12 13 14 15 16 17 18 | 18.6
Stealth        | 1 2 3 5 6 7 8 9 10 11 12 13 14 15 16 17 18 | 18.6
Shields        | 1 2 3 5 6 7 8 9 10 11 12 13 14 15 16 17 18 | 18.6
Unarmed Combat | 1 2 3 5 6 7 8 9 10 11 12 13 14 15 16 17 18 | 18.6
Spellcasting   | 1 2 3 5 6 7 8 9 10 11 12 13 14 15 16 17 18 | 18.6
Conjurations   | 1 2 3 4 5 6 7 8 9 10 11 12 13 14 15 | 15.8
Hexes          | 1 2 3 4 5 6 7 8 9 10 11 12 13 14 15 | 15.8
Summonings     | 1 2 3 4 5 6 7 8 9 10 11 12 13 14 15 | 15.8
Necromancy     | 1 2 3 4 5 6 7 8 9 10 11 12 13 14 15 | 15.8
Translocations | 1 2 3 4 5 6 7 8 9 10 11 12 13 14 15 | 15.8
Transmutations | 1 2 3 4 5 6 7 8 9 10 11 12 13 14 15 16 17 18 19 | 19.2
Fire Magic     | 1 2 3 4 5 6 7 8 9 10 11 12 13 14 15 16 17 | 17.5
Ice Magic      | 1 2 3 4 5 6 7 8 9 10 11 12 13 14 15 | 15.8
Air Magic      | 1 2 3 4 5 6 7 8 9 10 11 12 13 14 15 | 15.8
Earth Magic    | 1 2 3 4 5 6 7 8 9 10 11 12 13 14 15 | 15.8
Poison Magic   | 1 2 3 4 5 6 7 8 9 10 11 12 13 14 15 | 15.8
Long Blades    | 3 4 5 6 7 8 9 10 11 12 13 14 15 16 17 18 | 18.7
Armour         | 3 4 5 6 7 8 9 10 11 12 13 14 15 16 17 18 | 18.7
Throwing       | 5 6 7 8 9 10 11 12 13 14 15 16 17 18 19 | 19.0
Evocations     | 5 6 7 8 9 10 11 12 13 14 15 16 17 18 19 | 19.0
Fighting       | 9 10 11 12 13 14 15 16 17 18 19 20 | 20.1

Action                     |  1- 3 |  4- 6 |  7- 9 | 10-12 | 13-15 | 16-18 | 19-21 | 22-24 | 25-27 || total
---------------------------+-------+-------+-------+-------+-------+-------+-------+-------+-------++-------
  Melee: Dagger            |   123 |    99 |   240 |    31 |       |       |       |       |       ||   493
         Bite              |    16 |    13 |    34 |    70 |    97 |    29 |   118 |   159 |   224 ||   760
         Punch             |     3 |     1 |     6 |    15 |    28 |       |       |       |       ||    53
         Staff             |       |       |    49 |   189 |   266 |   105 |   170 |   102 |       ||   881
         Hand axe          |       |       |       |    11 |    18 |       |    11 |       |    24 ||    64
         Quick blade       |       |       |       |   139 |     1 |     7 |    72 |       |     1 ||   220
         Whip              |       |       |       |       |   274 |     4 |       |       |       ||   278
         Long sword        |       |       |       |       |       |     9 |    24 |    19 |    18 ||    70
         Trishula          |       |       |       |       |       |       |   388 |   958 |  1376 ||  2722
   Fire: Longbow           |       |       |       |       |    16 |       |       |       |       ||    16
  Throw: Dart              |     2 |     5 |    39 |     1 |     1 |     5 |     8 |     6 |     1 ||    68
         Stone             |       |     2 |       |       |       |       |       |       |       ||     2
         Javelin           |       |       |     2 |     2 |       |     1 |       |       |       ||     5
         Boomerang         |       |       |     1 |     2 |       |       |       |       |       ||     3
   Cast: Magic Dart        |       |    26 |   132 |    64 |   133 |   237 |    90 |    93 |    21 ||   796
         Poisonous Vapours |       |       |   138 |   250 |   438 |   273 |   134 |   181 |    13 ||  1427
         Blink             |       |       |     1 |     1 |       |       |       |       |       ||     2
         Searing Ray       |       |       |    17 |    81 |    13 |     2 |    13 |     3 |       ||   129
         Mephitic Cloud    |       |       |       |    36 |    61 |    26 |     8 |     3 |       ||   134
         Stone Arrow       |       |       |       |    54 |   455 |  1003 |   639 |   653 |   170 ||  2974
         Iskenderun's Myst |       |       |       |       |       |    65 |   104 |    14 |     6 ||   189
         Olgreb's Toxic Ra |       |       |       |       |       |     5 |    50 |    38 |     4 ||    97
         Manifold Assault  |       |       |       |       |       |     3 |    13 |   105 |   142 ||   263
         Lee's Rapid Decon |       |       |       |       |       |       |    25 |    14 |       ||    39
         Freezing Cloud    |       |       |       |       |       |       |    26 |     1 |    17 ||    44
         Summon Lightning  |       |       |       |       |       |       |     5 |    42 |    52 ||    99
         Borgnjor's Vile C |       |       |       |       |       |       |       |   151 |   198 ||   349
         Dispersal         |       |       |       |       |       |       |       |     1 |       ||     1
         Starburst         |       |       |       |       |       |       |       |       |     7 ||     7
         Iron Shot         |       |       |       |       |       |       |       |       |    45 ||    45
         Plasma Beam       |       |       |       |       |       |       |       |       |    13 ||    13
 Invoke: Wall of Briars    |       |       |     1 |       |       |       |       |       |     1 ||     2
  Evoke: Wand              |       |       |       |     2 |     1 |     4 |     1 |     3 |       ||    11
         Lightning rod     |       |       |       |       |     5 |       |    15 |     7 |       ||    27
         Box of beasts     |       |       |       |       |       |       |     1 |       |       ||     1
         Condenser vane    |       |       |       |       |       |       |     1 |       |     1 ||     2
    Use: Scroll            |       |     4 |    10 |    15 |    11 |    12 |    19 |    10 |    14 ||    95
         Potion            |       |     1 |     2 |     4 |     4 |     3 |     6 |     5 |    20 ||    45
   Stab: Sleeping          |       |     1 |     3 |     2 |     4 |     1 |     3 |     7 |     1 ||    22
         Confused          |       |       |       |    18 |    32 |     7 |     2 |       |       ||    59
         Distracted        |       |       |       |     1 |       |       |     3 |     2 |    14 ||    20
         Paralysed         |       |       |       |       |       |     3 |       |       |       ||     3
 Armour: Ring mail         |    50 |    28 |       |       |       |       |       |       |       ||    78
         Leather armour    |     1 |       |       |    18 |   216 |   166 |       |       |       ||   401
         Animal skin       |       |    14 |   159 |   182 |       |       |       |       |       ||   355
         Skin              |       |       |       |     1 |       |       |       |       |       ||     1
         Scale mail        |       |       |       |       |    38 |       |       |       |       ||    38
         Robe              |       |       |       |       |       |    34 |   147 |   176 |   283 ||   640
  Dodge: Dodged            |    51 |    66 |   259 |   407 |   500 |   277 |   373 |   435 |   830 ||  3198
  Block: Buckler           |       |       |       |       |    62 |     1 |       |       |       ||    63
         Kite shield       |       |       |       |       |       |   575 |   684 |   741 |  1373 ||  3373
         Reflection        |       |       |       |       |       |   104 |    67 |    42 |    22 ||   235

Table legend: (Time is in decaauts)
 A = Elapsed time spent in this place.
 B = Non-inter-level travel time spent in this place.
 C = Inter-level travel time spent in this place.
 D = Time resting spent in this place.
 E = Time spent auto-exploring this place.
 F = Levels seen in this place.
 G = Mean time per level.
                   A        B        C        D        E       F      G
               +--------+--------+--------+--------+--------+-----+--------+
         Total |  80004 |  70574 |   9430 |  11425 |  34873 |  56 | 1428.6 |
       Dungeon |  25811 |  21633 |   4178 |   4887 |  11168 |  15 | 1720.7 |
        Temple |     20 |     15 |      5 |      0 |     10 |   1 |   20.0 |
          Lair |   8654 |   7352 |   1302 |    957 |   4239 |   5 | 1730.8 |
        Shoals |   4606 |   4330 |    276 |    196 |   2911 |   4 | 1151.5 |
     Snake Pit |   5991 |   5640 |    351 |    534 |   3194 |   4 | 1497.8 |
    Slime Pits |   4200 |   3771 |    429 |    834 |   1232 |   5 |  840.0 |
  Orcish Mines |   2652 |   2356 |    296 |    481 |   1124 |   2 | 1326.0 |
   Elven Halls |   4524 |   4339 |    185 |    379 |   2413 |   3 | 1508.0 |
        Vaults |   6847 |   6272 |    575 |    886 |   3336 |   4 | 1711.8 |
         Crypt |   3433 |   3218 |    215 |    442 |    734 |   3 | 1144.3 |
        Depths |   8112 |   6638 |   1474 |    858 |   3369 |   4 | 2028.0 |
           Zot |   2616 |   2476 |    140 |    376 |    859 |   2 | 1308.0 |
         Trove |     54 |     54 |      0 |      0 |      0 |   1 |   54.0 |
        Bailey |    565 |    565 |      0 |    145 |    124 |   1 |  565.0 |
       Volcano |    307 |    307 |      0 |     56 |     41 |   1 |  307.0 |
    Desolation |   1604 |   1604 |      0 |    393 |    116 |   1 | 1604.0 |
               +--------+--------+--------+--------+--------+-----+--------+

Top non-repeatable levels by time:
Depths:3: 3154 daAuts
     D:8: 3106 daAuts
     D:5: 2552 daAuts
  Lair:5: 2501 daAuts
Depths:2: 2457 daAuts
    D:12: 2330 daAuts
    D:13: 2247 daAuts
  Lair:2: 1985 daAuts
    D:10: 1948 daAuts
Vaults:3: 1858 daAuts
Vaults:4: 1810 daAuts
Shoals:4: 1768 daAuts
 Snake:3: 1762 daAuts
Vaults:2: 1719 daAuts
     D:7: 1708 daAuts
